Map: Shrines of Lizul

Players

Shootokill

  • Race: Zerg Zerg
  • Spawn Location: 9:00

Blade

  • Race: Terran Terran
  • League: Platinum
  • Spawn Location: 6:00

ILIEKEGGPIE - Winner!

  • Race: Protoss Protoss
  • League: Platinum
  • Spawn Location: 3:00

HyjA - Winner!

  • Race: Protoss Protoss
  • League: Platinum
  • Spawn Location: 12:00

VOD

Have the link to the VOD?

Description

Time

  • Played on: May 31, 2018, 2:31 p.m.
  • Length: 16:56
Show
View Real Time Build Order
Export as new Build Order

Shootokill Zerg 

Build Orders: Pool First 

Get SALT Encoding   

  12  0:01  Drone  
  13  0:09  Drone  
  14  0:31  Spawning Pool  
  14  0:33  Drone  
  14  0:37  Extractor  
  14  0:39  Drone  
  14  0:44  Overlord  
  14  1:06  Drone x3  
  17  1:19  Zergling x2  
  17  1:20  Queen  
  20  1:31  Zergling x2  
  22  1:40  Zergling x2  
  22  1:47  Metabolic Boost  
  22  1:54  Overlord  
  20  2:38  Hatchery  
  20  2:40  Drone x6  
  24  2:45  Extractor  
  23  2:53  Zergling x2  
  24  3:06  Zergling x2  
  24  3:08  Spine Crawler  
  24  3:15  Spine Crawler, Zergling x6  
  24  3:18  Drone  
  27  3:29  Zergling x2  
  28  3:46  Lair  
  28  3:47  Overlord  
  28  4:00  Overlord  
  28  4:04  Queen  
  30  4:12  Drone  
  30  4:13  Drone x2  
  32  4:40  Pneumatized Carapace  
  32  4:50  Zergling x12  
  38  5:17  Hydralisk Den  
  28  5:56  Hydralisk x3  
  29  5:59  Muscular Augments  
  29  6:03  Overseer  
  33  6:04  Drone x2  
  33  6:05  Drone  
  33  6:08  Extractor  
  33  6:10  Hydralisk  
  37  6:19  Zergling x2  
  38  6:31  Hydralisk x2  
  38  6:32  Hydralisk  
  44  6:34  Overlord  
  44  6:36  Overseer  
  44  6:55  Drone x4  
  48  7:02  Hydralisk x2  
  48  7:04  Overlord  
  48  7:07  Overlord x2  
  52  7:09  Overlord  
  51  7:31  Hydralisk x5  
  51  7:32  Hydralisk  
  51  7:35  Overseer  
  51  7:36  Overseer  
  63  7:37  Overseer  
  63  7:39  Drone x5  
  63  7:40  Drone  
  69  7:52  Extractor  
  69  7:54  Hydralisk x4  
  76  8:10  Nydus Network  
  75  8:16  Drone x2  
  77  8:24  Drone x2  
  79  8:31  Overseer  
  79  8:41  Hatchery, Hydralisk  
  78  8:42  Hydralisk x2  
  84  8:51  Overlord, Evolution Chamber  
  84  8:52  Drone  
  84  8:59  Evolution Chamber  
  83  9:07  Infestation Pit  
  83  9:09  Spore Crawler  
  81  9:13  Drone  
  81  9:14  Drone x3  
  81  9:16  Overseer  
  85  9:18  Zerg Missile Weapons Level 1  
  85  9:26  Zerg Ground Armor Level 1  
  85  9:32  Evolution Chamber  
  85  9:36  Hydralisk x4  
  92  9:50  Spore Crawler  
  91  10:10  Overlord x2  
  91  10:12  Zerg Melee Weapons Level 1  
  91  10:15  Hive  
  91  10:33  Hydralisk x8  
  107  10:47  Nydus Canal  
  107  10:54  Zergling x2  
  108  11:23  Overlord  
  108  11:24  Zerg Missile Weapons Level 2  
  108  11:25  Zerg Ground Armor Level 2  
  108  11:30  Hatchery  
  107  11:39  Nydus Canal  
  59  12:39  Hydralisk x7  
  59  12:40  Hydralisk x3  
  77  12:51  Queen  
  77  12:52  Drone  
  77  12:56  Hydralisk x8  
  96  13:04  Hydralisk x2  
  87  13:08  Hydralisk x2  
  84  13:16  Zergling x2  
  85  13:20  Hydralisk x2  
  79  13:38  Hydralisk x2  
  52  13:50  Hydralisk x3  
  52  13:53  Hydralisk x4  
  52  13:55  Lair  
  59  14:00  Hydralisk Den  
  59  14:01  Hydralisk x4  
  60  14:06  Hydralisk  
  35  14:43  Hydralisk  
  35  14:44  Hydralisk x3  
  37  14:52  Hydralisk x5  
  42  15:40  Hydralisk x3  
  38  16:06  Hydralisk x2  
Show
View Real Time Build Order
Export as new Build Order

Blade Terran 

Build Orders: MMM Bio 

Get SALT Encoding   

  12  0:03  SCV  
  13  0:15  SCV  
  13  0:19  Supply Depot  
  14  0:31  Refinery, SCV  
  15  0:58  Barracks  
  15  1:07  SCV  
  16  1:19  SCV  
  17  1:31  SCV  
  18  1:43  SCV  
  19  1:55  Orbital Command  
  19  2:03  Command Center  
  19  2:11  Refinery  
  19  2:19  Factory  
  19  2:20  Barracks Reactor  
  19  2:23  SCV  
  20  2:33  Supply Depot  
  20  2:41  SCV  
  20  2:58  Bunker  
  20  3:09  SCV  
  21  3:14  Barracks Tech Lab  
  21  3:15  Cyclone  
  21  3:16  Cyclone  
  27  3:21  SCV  
  28  3:48  Hellion x2  
  32  3:49  Stimpack  
  32  3:57  Orbital Command  
  32  3:58  Starport  
  32  4:02  Engineering Bay  
  32  4:09  Supply Depot  
  32  4:26  Widow Mine x2  
  36  4:32  SCV x2  
  38  4:43  Marine  
  39  5:01  Marine  
  40  5:13  Missile Turret  
  40  5:19  Marine  
  37  5:36  Marine  
  31  6:07  Medivac  
  31  6:09  Widow Mine x2, SCV  
  31  6:10  SCV  
  36  6:12  Combat Shields  
  35  6:20  Barracks  
  35  6:22  Barracks x2  
  35  6:23  Barracks, Missile Turret  
  35  6:26  SCV  
  35  6:27  SCV  
  35  6:29  Missile Turret  
  33  6:39  SCV  
  29  6:54  Marine  
  25  7:12  Marine  
  25  7:13  SCV x2  
  28  7:24  Barracks Reactor, Barracks Tech Lab  
  28  7:25  SCV x2  
  28  7:26  Barracks Reactor  
  28  7:27  Starport Reactor  
  30  7:30  Marine  
  31  7:37  SCV x2  
  33  7:48  Command Center, Marine  
  33  7:49  SCV x2  
  36  7:57  Refinery  
  36  7:58  Barracks Reactor  
  36  8:00  Concussive Shells  
  36  8:01  Marine x2, SCV  
  36  8:02  Marine  
  40  8:05  Marine  
  41  8:21  Widow Mine x2  
  41  8:26  Marine  
  41  8:27  Marine x2  
  46  8:28  SCV x2  
  46  8:34  Terran Infantry Weapons Level 1  
  46  8:47  Medivac x2  
  50  8:48  SCV  
  50  8:49  SCV, Missile Turret  
  50  8:55  Marine  
  53  9:01  SCV x2  
  53  9:02  SCV  
  56  9:04  Refinery  
  56  9:07  Supply Depot  
  56  9:09  Marine, Supply Depot  
  56  9:11  Supply Depot  
  56  9:13  Marine, SCV  
  56  9:14  Supply Depot  
  59  9:17  Medivac  
  59  9:23  Widow Mine x2  
  65  9:25  SCV x2  
  67  9:32  Orbital Command  
  67  9:37  SCV  
  68  9:44  Widow Mine  
  70  9:49  Marine  
  70  9:50  Marine x3  
  68  10:00  Marauder  
  68  10:01  Marauder, Marine  
  73  10:09  Engineering Bay  
  73  10:21  Widow Mine x2  
  77  10:22  Marauder x2  
  77  10:25  Marine x2  
  89  10:28  Medivac  
  81  10:42  Widow Mine x2  
  85  10:43  Marauder x2  
  87  11:03  Widow Mine  
  87  11:11  SCV  
  87  11:12  SCV  
  87  11:15  SCV  
  90  11:22  Refinery  
  90  11:23  SCV  
  91  11:29  Factory  
  91  11:30  Factory  
  91  11:32  Factory  
  91  11:33  Marine  
  91  11:34  Marine x3  
  91  11:35  Marauder x2, Marine  
  100  11:52  Marine  
  101  12:02  Supply Depot  
  101  12:07  SCV  
  101  12:08  Marine  
  101  12:19  Marine x2  
  95  12:38  Marine  
  94  13:01  Command Center, Factory Tech Lab x3  
  94  13:16  SCV  
  94  13:17  Marauder, Widow Mine, Marine x2, SCV  
  94  13:18  Marine x4  
  94  13:19  Marauder, Widow Mine  
  63  13:28  SCV  
  63  13:29  SCV  
  63  13:35  Marine x2  
  63  13:36  Marine  
  63  13:38  Widow Mine  
  63  13:39  Marauder  
  63  13:40  Marauder, Widow Mine, SCV  
  74  13:41  SCV  
  75  13:53  SCV  
  76  14:00  Marauder, Widow Mine  
  76  14:01  Widow Mine  
  76  14:02  Marauder  
  84  14:21  Marauder, Widow Mine  
  84  14:23  Marauder  
  71  14:43  Marauder  
  71  14:44  Marauder  
  74  15:04  Marauder  
  74  15:06  Marauder  
  78  15:23  Medivac  
  78  15:24  Medivac  
  64  15:37  Siege Tank  
Show
View Real Time Build Order
Export as new Build Order

ILIEKEGGPIE Protoss - Winner!

Build Orders:  

Get SALT Encoding   

  12  0:01  Probe  
  13  0:13  Probe  
  14  0:18  Pylon  
  14  0:25  Probe  
  15  0:33  Probe  
  16  0:44  Gateway  
  16  0:55  Pylon  
  15  0:59  Gateway  
  15  1:04  Probe  
  16  1:15  Assimilator  
  16  1:16  Probe  
  17  1:24  Probe  
  17  1:25  Pylon  
  18  1:43  Cybernetics Core  
  18  1:49  Probe  
  19  1:54  Assimilator  
  19  2:12  Adept  
  19  2:20  Adept  
  23  2:22  Pylon  
  23  2:28  Warp Gate  
  23  2:46  Pylon  
  23  2:50  Shield Battery  
  23  2:52  Gateway  
  23  2:53  Gateway  
  23  3:10  Probe  
  24  3:16  Adept x2  
  28  3:22  Probe  
  29  3:34  Probe  
  30  3:52  Probe  
  30  3:54  Nexus  
  31  3:57  Pylon  
  31  4:05  Probe  
  32  4:13  Pylon  
  26  4:28  Robotics Facility  
  26  4:36  Stalker x2  
  26  4:37  Stalker  
  32  4:39  Sentry  
  34  4:49  Probe  
  35  5:01  Probe  
  35  5:03  Stalker  
  35  5:04  Stalker  
  38  5:08  Adept  
  38  5:14  Probe  
  41  5:22  Adept  
  41  5:27  Adept  
  39  5:39  Zealot x2  
  26  6:15  Forge x2  
  26  6:16  Probe  
  26  6:18  Stalker x2  
  31  6:27  Probe  
  31  6:35  Probe  
  31  6:36  Probe  
  33  6:45  Probe  
  33  6:46  Protoss Ground Armor Level 1, Protoss Ground Weapons Level 1  
  34  6:54  Probe  
  34  6:57  Probe  
  36  7:06  Probe  
  37  7:09  Probe  
  37  7:15  Probe  
  38  7:16  Pylon  
  38  7:22  Probe  
  40  7:23  Probe  
  41  7:34  Probe  
  42  7:41  Probe  
  43  7:44  Assimilator  
  43  7:46  Pylon, Probe, Robotics Bay  
  43  7:49  Assimilator  
  43  7:50  Robotics Facility  
  44  8:03  Pylon  
  44  8:08  Stalker x3  
  42  8:36  Colossus  
  42  8:37  Photon Cannon  
  42  8:39  Pylon  
  42  8:46  Extended Thermal Lance  
  42  8:47  Probe  
  49  8:53  Colossus  
  55  9:15  Probe x2  
  57  9:27  Probe  
  58  9:32  Probe, Photon Cannon  
  48  10:04  Photon Cannon  
  48  10:18  Stalker x3  
  48  10:19  Stalker  
  56  10:34  Probe  
  56  10:38  Probe  
  58  10:42  Probe  
  59  10:50  Probe  
  59  10:52  Probe  
  61  11:02  Probe  
  62  11:17  Colossus  
  62  11:18  Colossus  
  74  11:31  Stalker x2  
  74  11:32  Stalker  
  80  11:42  Shield Battery  
  74  12:09  Stalker  
  74  12:10  Stalker x3  
  60  12:55  Stalker x3  
  66  13:03  Twilight Council  
  66  13:17  Immortal  
  66  13:24  Immortal  
  72  13:43  Stalker x3, Colossus  
  72  13:44  Stalker  
  86  14:03  Immortal  
  90  14:16  Gateway  
  90  14:17  Shield Battery  
  90  14:20  Gateway  
  84  14:53  Stalker  
  84  14:54  Stalker  
  84  14:55  Zealot x2  
  92  15:13  Shield Battery  
  92  15:14  Shield Battery  
  92  15:55  Nexus  
  92  15:57  Pylon  
  92  16:00  Pylon  
  96  16:25  Stalker  
  96  16:26  Zealot x3  
  96  16:27  Stalker x2  
Show
View Real Time Build Order
Export as new Build Order

HyjA Protoss - Winner!

Build Orders:  

Get SALT Encoding   

  12  0:02  Probe  
  13  0:15  Pylon  
  13  0:20  Probe  
  14  0:33  Gateway  
  14  0:41  Assimilator  
  14  0:54  Probe  
  15  1:11  Gateway  
  15  1:19  Probe  
  15  1:21  Cybernetics Core  
  16  1:27  Probe  
  17  1:42  Probe  
  18  1:47  Assimilator  
  18  1:53  Stalker  
  18  1:59  Warp Gate  
  18  2:00  Pylon  
  18  2:04  Adept  
  22  2:20  Shield Battery  
  22  2:23  Pylon  
  21  2:51  Probe  
  22  3:08  Nexus  
  22  3:19  Probe  
  23  3:31  Robotics Facility  
  23  3:35  Probe  
  24  3:53  Probe  
  25  4:04  Twilight Council, Pylon  
  25  4:05  Gateway  
  25  4:09  Gateway  
  25  4:17  Pylon  
  25  4:28  Shield Battery  
  25  4:31  Charge  
  25  4:38  Pylon  
  24  4:50  Zealot x2  
  28  5:15  Zealot x3  
  28  5:20  Zealot  
  36  5:31  Probe  
  37  5:41  Warp Prism  
  37  6:08  Probe  
  38  6:18  Observer  
  39  6:37  Pylon  
  39  6:42  Nexus  
  39  6:50  Probe  
  34  6:57  Zealot x4  
  42  7:02  Probe  
  43  7:14  Probe  
  40  7:21  Templar Archives  
  40  7:26  Probe  
  40  7:31  Pylon  
  40  7:32  Assimilator  
  40  7:35  Assimilator  
  40  7:36  Zealot  
  42  7:38  Sentry, Probe  
  45  7:46  Psionic Storm  
  45  7:50  Probe  
  46  7:51  Probe  
  47  8:00  Probe  
  47  8:02  Probe  
  49  8:11  Shield Battery  
  49  8:12  Probe  
  49  8:17  High Templar x2  
  49  8:18  High Templar  
  56  8:27  Probe x2, Pylon  
  59  8:34  Observer  
  59  8:48  Zealot  
  61  8:54  Gateway  
  61  8:58  Pylon  
  61  9:02  Zealot  
  61  9:03  Gateway  
  61  9:04  High Templar  
  61  9:06  Gateway  
  61  9:07  Probe  
  61  9:08  Probe  
  67  9:17  High Templar  
  67  9:19  Zealot  
  67  9:20  Probe x2  
  73  9:32  Probe x2  
  75  9:47  Stalker  
  75  9:48  Stalker, High Templar  
  80  10:14  Forge  
  80  10:15  Nexus  
  80  10:19  Assimilator  
  80  10:20  Observer  
  81  10:21  Assimilator  
  81  10:25  High Templar x2  
  84  10:58  Stalker  
  86  11:09  Protoss Ground Weapons Level 1  
  86  11:20  Pylon  
  86  11:22  Pylon  
  86  11:27  Probe x2, Pylon  
  88  11:33  Stalker  
  88  11:34  High Templar  
  88  11:35  Stalker x2  
  88  11:37  Stalker, Adept  
  88  11:39  Stalker  
  90  12:05  Stalker, High Templar  
  90  12:06  Zealot x3  
  92  12:25  Zealot x2  
  92  12:27  Zealot x3  
  92  12:28  Zealot  
  104  12:31  Gateway  
  104  12:33  Probe x2  
  106  12:45  Probe  
  106  12:48  Probe x2  
  73  13:59  Stalker  
  73  14:00  Stalker, Zealot x2  
  73  14:01  Zealot x3  
  87  14:04  Immortal  
  91  14:18  Zealot  
  93  14:28  Observer  
  81  14:50  Zealot  
  81  14:51  Zealot x3  
  81  14:52  Zealot x3  
  93  14:53  Zealot  
  93  14:55  Immortal  
  101  15:05  Probe x3  
  104  15:17  Probe x3  
  104  15:19  Nexus  
  104  15:20  Gateway  
  107  15:22  Gateway, High Templar x2  
  107  15:23  Zealot, Gateway  
  107  15:24  Stalker x4  
  107  15:25  Stalker, Gateway  
  122  16:23  Zealot  
  122  16:24  Zealot  
  125  16:34  Pylon  
  125  16:42  Pylon  
  125  16:44  Pylon  
Tags
 
Add a new tag
Caveats
  • Supply blocks, unpowered buildings, or Contaminate may cause inaccurate times.
  • Supply counts are checked every 10 seconds.